 Dungeon Sprint DCSS version 0.31-a0-177-g4aa6249778 (webtiles) character file.

Game seed: 12616012570262815692

763 rocky1 the Cleaver (level 7, 0/64 HPs)
             Began as a Minotaur Gladiator on June 19, 2023.
             Was an Initiate of Gozag.
             Killed by divine providence
             ... invoked by a smoke demon
              (11 damage)
             ... in the Dungeon (Sprint VII: "The Pits").
             The game lasted 00:01:54 (967 turns).

rocky1 the Cleaver (Minotaur Gladiator)              Turns: 967, Time: 00:01:54

Health: 0/64       AC: 13    Str: 21    XL:     7   Next: 51%
Magic:  6/6        EV: 11    Int:  5    God:    Gozag
Gold:   1332       SH:  0    Dex: 11    Spells: 6/6 levels left

rFire   . . .        a - +0 war axe
rCold   . . .        (no shield)
rNeg    . . .        o - +3 chain mail
rPois   .            c - +0 hat
rElec   .            (no cloak)
rCorr   .            (no gloves)
SInv    .            (no boots)
Will    .....        (no amulet) Stlth
                     (no ring)
HPRegen 0.30/turn    (no ring)
MPRegen 0.10/turn

%: no teleportation
@: gold aura, on berserk cooldown, slowed, very slow
A: horns 2, retaliatory headbutt
a: Renounce Religion, Potion Petition, Call Merchant, Bribe Branch


You were in the Dungeon.
You worshipped Gozag.
Gozag was most pleased with you.
You visited 1 branch You collected 1332 gold pieces.

Inventory:

Hand Weapons
 a - a +0 war axe (weapon)
Missiles
 d - 2 throwing nets (quivered)
 e - a javelin
Armour
 b - a +0 leather armour
 c - a +0 hat (worn)
 o - a +3 chain mail (worn)
Scrolls
 k - a scroll of blinking
 m - 5 scrolls of amnesia
 n - a scroll of summoning
Potions
 f - 6 potions of curing
 g - 6 potions of heal wounds
 h - a potion of haste
 i - 4 potions of magic
 l - 2 potions of invisibility


   Skills:
 + Level 6.8 Fighting
 * Level 14.8 Axes
 + Level 3.8 Throwing
 * Level 6.8 Armour
 + Level 8.1 Dodging
 + Level 1.7 Stealth


You had 6 spell levels left.
You didn't know any spells.
Your spell library was empty.

Dungeon Overview and Level Annotations

Branches:
Dungeon (1/1)

Altars:
Ashenzari
Cheibriados
Dithmenos
Elyvilon
Fedhas
Gozag
Hepliaklqana
Kikubaaqudgha
Makhleb
Nemelex Xobeh
Okawaru
Qazlal
Ru
Sif Muna
Trog
Uskayaw
Vehumet
Wu Jian
Xom
Yredelemnul
Zin
The Shining One
Jiyva
Lugonu


Innate Abilities, Weirdness & Mutations

You have a pair of horns on your head.
You reflexively headbutt those who attack you in melee.


Message History

You are too injured to fight recklessly!
You completely miss the gnoll. Your headbutt misses the gnoll.
You barely miss the gnoll. You slash the ogre!
The ogre hits you with a +0 giant club!
The gnoll sergeant hits you from afar with a +0 trident of protection.
The gnoll hits you but does no damage. The gnoll barely misses you.
Unknown command.
You closely miss the gnoll. You slash the ogre!
You barely miss the smoke demon. You slash the gnoll!
You kill the gnoll!
Unknown command.
The ogre is distracted by your dazzling golden aura.
You slice the gnoll!!
You kill the gnoll!
Unknown command.
The gnoll sergeant hits you but does no damage.
There is an open door, spattered with blood here.
Items here: $ )) [.
You slice the ogre!!
You kill the ogre!
You are no longer berserk.
You are exhausted.
You feel yourself slow down. The gnoll sergeant closely misses you.
You furiously retaliate!
You headbutt the gnoll sergeant! The smoke demon hits you.
The smoke demon hits you but does no damage. x2
There is an open door, spattered with blood here.
Things that are here:
153 gold pieces; a +0 giant club; a +0 club The gnoll sergeant attacks as you move away!
The gnoll sergeant hits you but does no damage.
The smoke demon attacks as you move away!
The smoke demon hits you.
The smoke demon hits you but does no damage. x2
The gnoll sergeant hits you from afar with a +0 trident of protection!
* * * LOW HITPOINT WARNING * * *
The smoke demon gestures at you. Something smites you!
You die...
Your body crumbles into a pile of gold.

#.#.....#..##.......#
#.#.....#'###...<...#
#.#........##.......#
#.#........##.......#
#)###########.......#
#)).....#..##########
#)......#)######
#...#...#.#....#
#..###..#@#....#
#...#...#.3$...+
#.......#'#g...#
#.......'.#....#
################


You could see a smoke demon and a gnoll sergeant.

Vanquished Creatures
  A wraith (D)
  A floating eye (D)
  A black bear (D)
  An ogre (D)
  2 scorpions (D)
  A quasit (D)
  An orc priest (D)
  A gnoll bouda (D)
  An orc wizard (D)
  A mummy (D)
  7 gnolls (D)
  An adder (D)
  A river rat (D)
  2 orcs (D)
  An endoplasm (D)
  A giant cockroach (D)
  2 jackals (D)
  A ball python zombie (D)
  A frilled lizard (D)
  A jackal skeleton (D)
  A quokka zombie (D)
30 creatures vanquished.

Notes
Turn   | Place    | Note
-------+----------+-------------------------------------------
     0 | D        | rocky1 the Minotaur Gladiator began the quest for the Orb.
     0 | D        | Reached XP level 1. HP: 18/18 MP: 0/0
    16 | D        | Reached skill level 4 in Axes
    42 | D        | Found a bloodstained altar of Trog.
    42 | D        | Found a shimmering blue altar of Sif Muna.
    42 | D        | Found a viscous altar of Jiyva.
    42 | D        | Found a hazy altar of Hepliaklqana.
    42 | D        | Found an opulent altar of Gozag.
    43 | D        | Found a glowing golden altar of the Shining One.
    43 | D        | Found a glowing silver altar of Zin.
    43 | D        | Found a basalt altar of Yredelemnul.
    43 | D        | Found a shimmering altar of Xom.
    43 | D        | Found an ornate altar of the Wu Jian Council.
    43 | D        | Found a sacrificial altar of Ru.
    43 | D        | Found a stormy altar of Qazlal.
    43 | D        | Found an iron altar of Okawaru.
    43 | D        | Found a sparkling altar of Nemelex Xobeh.
    43 | D        | Found a burning altar of Makhleb.
    43 | D        | Found a blossoming altar of Fedhas.
    43 | D        | Found a white marble altar of Elyvilon.
    43 | D        | Found a shadowy altar of Dithmenos.
    43 | D        | Found a snail-covered altar of Cheibriados.
    46 | D        | Found a corrupted altar of Lugonu.
    46 | D        | Found a radiant altar of Vehumet.
    47 | D        | Found an ancient bone altar of Kikubaaqudgha.
    47 | D        | Found a hide-covered altar of Uskayaw.
    47 | D        | Found a broken altar of Ashenzari.
    50 | D        | Became a worshipper of Gozag Ym Sagoz the Greedy
    61 | D        | Noticed a scorpion
    65 | D        | Killed a scorpion
    66 | D        | Reached skill level 6 in Axes
    66 | D        | Reached skill level 5 in Dodging
    66 | D        | Reached XP level 2. HP: 15/27 MP: 1/1
    66 | D        | Reached XP level 3. HP: 19/33 MP: 2/2
   300 | D        | Reached skill level 7 in Axes
   312 | D        | Noticed a floating eye
   314 | D        | Reached XP level 4. HP: 40/40 MP: 3/3
   315 | D        | Killed a floating eye
   316 | D        | Reached skill level 9 in Axes
   316 | D        | Reached XP level 5. HP: 47/47 MP: 4/4
   401 | D        | Reached skill level 5 in Fighting
   401 | D        | Reached skill level 10 in Axes
   405 | D        | Reached skill level 11 in Axes
   405 | D        | Reached XP level 6. HP: 56/56 MP: 5/5
   418 | D        | Reached skill level 12 in Axes
   506 | D        | Reached skill level 5 in Armour
   506 | D        | Reached skill level 1 in Stealth
   541 | D        | Noticed a wraith
   552 | D        | Killed a wraith
   553 | D        | Reached skill level 13 in Axes
   553 | D        | Reached XP level 7. HP: 64/64 MP: 6/6
   700 | D        | Reached skill level 14 in Axes
   954 | D        | Noticed a smoke demon
   967 | D        | Killed from afar by a smoke demon

Illustrated notes

Levels and vault maps discovered:
D:        pitsprint [storerooms_1, entrance_room_1, metal_vault_2, armoury_3,
          mini_pit_1, grid_room_1, main_hall_1, silver_pit, the_coven_3,
          the_vestibule_1, steel_vault_2, golden_pit, hallway_of_sentries,
          crystal_vault_2, iron_vault_2, final_vault]

Skill      XL: |  1  2  3  4  5  6  7 |
---------------+----------------------+-----
Axes           | 6 7 9 11 13 14 | 14.8
Fighting       | 3 4 5 6 |  6.8
Throwing       | 3 |  3.8
Dodging        | 5 6 7 8 |  8.1
Armour         | 2 3 5 6 |  6.8
Stealth        | 1 |  1.7

Action                     |  1- 3 |  4- 6 |  7- 9 || total
---------------------------+-------+-------+-------++-------
  Melee: War axe           |    10 |    46 |    16 ||    72
         Headbutt          |     1 |     4 |     4 ||     9
         Punch             |       |     1 |     1 ||     2
  Throw: Throwing net      |     1 |       |       ||     1
    Use: Potion            |       |     2 |     1 ||     3
   Stab: Distracted        |       |     2 |       ||     2
 Armour: Chain mail        |       |    33 |    10 ||    43
  Dodge: Dodged            |    10 |    33 |     7 ||    50

Table legend: (Time is in decaauts)
 A = Elapsed time spent in this place.
 B = Non-inter-level travel time spent in this place.
 C = Inter-level travel time spent in this place.
 D = Time resting spent in this place.
 E = Time spent auto-exploring this place.
 F = Levels seen in this place.
 G = Mean time per level.
                   A        B        C        D        E       F      G
               +--------+--------+--------+--------+--------+-----+--------+
         Total |    984 |    967 |     17 |    699 |      0 |   1 |  984.0 |
       Dungeon |    984 |    967 |     17 |    699 |      0 |   1 |  984.0 |
               +--------+--------+--------+--------+--------+-----+--------+

Top non-repeatable levels by time:
       D: 984 daAuts
